 Dungeon Crawl Stone Soup version 0.19.4-8-ga85b6b9 (webtiles) character file.

637 Naow the Conjurer (level 7, -5/36 HPs)
             Began as a Deep Elf Conjurer on Feb 13, 2017.
             Slain by Duvessa
             ... wielding a +0 rapier
              (8 damage)
             ... on level 4 of the Dungeon.
             The game lasted 00:06:00 (4536 turns).

Naow the Conjurer (Deep Elf Conjurer)               Turns: 4536, Time: 00:06:01

Health: -5/36      AC:  3    Str:  5    XL:     7   Next: 25%
Magic:  18/18      EV: 13    Int: 22    God:
Gold:   150        SH:  0    Dex: 15    Spells: 4 memorised, 6 levels left

rFire  . . .     SeeInvis .     i - -1 short sword (curse)
rCold  . . .     Gourm    .     a - +0 robe
rNeg   + . .     Faith    .     (no shield)
rPois  .         Spirit   .     (no helmet)
rElec  .         Reflect  .     (no cloak)
rCorr  .         Harm     .     j - +0 pair of gloves
MR     .....                    (no boots)
Stlth  ++........               (no amulet)
                                (no ring)
                                t - ring of positive energy

@: no status effects
A: no striking features
a: no special abilities


You were on level 4 of the Dungeon.
You were not hungry.

You visited 1 branch of the dungeon, and saw 4 of its levels.

You collected 150 gold pieces.

Inventory:

Hand Weapons
 i - a cursed -1 short sword (weapon)
Armour
 a - a +0 robe (worn)
 j - a +0 pair of gloves (worn)
Jewellery
 t - a ring of positive energy (left hand)
Scrolls
 g - 2 scrolls of remove curse {unknown}
 l - 3 scrolls of identify {unknown}
 o - 2 scrolls of teleportation {unknown}
 s - 2 scrolls of recharging {unknown}
 u - a scroll of magic mapping {unknown}
Potions
 d - 4 potions of brilliance {unknown}
 e - a potion of agility {unknown}
 f - 2 potions of heal wounds {unknown}
 h - 3 potions of curing {unknown}
 k - a potion of cure mutation {unknown}
 m - 3 potions of lignification {unknown}
 n - a potion of invisibility
 q - a potion of flight {unknown}
 r - a potion of might {unknown}
Books
 b - a book of Conjurations

   Spells                             Type                      Level
   a - Magic Dart                     Conjuration                  1
   b - Searing Ray                    Conjuration                  2
   c - Dazzling Spray                 Conjuration/Hexes            3
   d - Fulminant Prism                Conjuration/Hexes            4
   e - Iskenderun's Mystic Blast      Conjuration                  4
   f - Iskenderun's Battlesphere      Conjuration/Charms           5
Comestibles
 c - 3 bread rations
 p - 3 chunks of flesh


   Skills:
 - Level 2.4 Dodging
 - Level 2.4 Stealth
 + Level 6.1 Spellcasting
 * Level 7.9 Conjurations
 + Level 4.2 Charms


You had 6 spell levels left.
You knew the following spells:

 Your Spells              Type           Power        Failure   Level  Hunger
a - Magic Dart            Conj           ####         1%          1    None
b - Iskenderun's Battles  Conj/Chrm      ####....     21%         5    #####..
c - Searing Ray           Conj           #####.       1%          2    None
d - Iskenderun's Mystic   Conj           #####...     4%          4    ###....


Dungeon Overview and Level Annotations

Branches:
Dungeon (4/15)
 Temple: D:4-7

Altars:
Fedhas

Annotations:
D:4 Dowan, Duvessa


Message History

A giant cockroach, Duvessa and Dowan come into view.
Dowan is wielding a dagger of pain.
Duvessa shouts!
Dowan shouts!
Dowan gestures at Duvessa while chanting.
Duvessa seems to speed up.
Duvessa drinks a potion.
Duvessa flickers and vanishes!
Deactivating autopickup; reactivate with Ctrl-A.
t - a ring of positive energy (left hand) Dowan mumbles some strange words.
Dowan blinks!
Something hits you! x2
Dowan points at you and mumbles some strange words.
The puff of flame hits you!
* * * LOW HITPOINT WARNING * * *
Something completely misses you. Something hits you.
* * * LOW HITPOINT WARNING * * *
Okay, then.
Something hits you!
You die...

..≈...#
#..........## .§..
≈≈....#
#..........########
......#
#...............
......#
#......e........
≈.....#
#...............
≈.....#
#..........#####
......#
#.....s.)..#
......##
#..........#
.......#
#.....@....#
≈###.#.##
#..........# ##
###..# #..........#
# ##.###..........#
###
#..######'######
..# ##.# #.# ..#
#.## #.# ..# #..#
#.# ..# ##.## #.#


You could see Dowan and a giant cockroach.

Vanquished Creatures
  The ghost of Dickchan the Skirmisher, an amateur HOFi (D:3)
  2 ogres (D:4)
  A bullfrog (D:4)
  A scorpion (D:3)
  An orc priest (D:4)
  A hound (D:4)
  An orc wizard (D:4)
  A worker ant (D:4)
  7 adders
  A worm (D:3)
  3 dart slugs
  3 leopard geckos
  10 orcs
  6 giant cockroaches
  7 hobgoblins
  10 jackals
  A quokka (D:3)
  4 ball pythons
  5 bats
  4 frilled lizards
  6 goblins
  9 kobolds
  A leopard gecko skeleton (D:4)
  5 rats
91 creatures vanquished.

Notes
Turn   | Place    | Note
-------+----------+-------------------------------------------
     0 | D:1      | Naow the Deep Elf Conjurer began the quest for the Orb.
     0 | D:1      | Reached XP level 1. HP: 10/10 MP: 6/6
   216 | D:1      | Reached XP level 2. HP: 15/15 MP: 4/8
   420 | D:1      | Reached skill level 5 in Conjurations
   838 | D:1      | Reached XP level 3. HP: 12/19 MP: 7/10
  1143 | D:2      | Found a faded altar of an unknown god.
  2128 | D:3      | Reached XP level 4. HP: 24/24 MP: 9/12
  2346 | D:3      | Noticed Dickchan's ghost (amateur HOFi)
  2366 | D:4      | Reached skill level 6 in Conjurations
  2607 | D:3      | Reached XP level 5. HP: 28/28 MP: 12/14
  2614 | D:3      | Learned a level 5 spell: Iskenderun's Battlesphere
  2617 | D:3      | Learned a level 2 spell: Searing Ray
  2622 | D:3      | Learned a level 4 spell: Iskenderun's Mystic Blast
  2876 | D:3      | Killed Dickchan's ghost
  2876 | D:3      | Reached skill level 5 in Spellcasting
  2876 | D:3      | Reached skill level 1 in Charms
  3443 | D:3      | Reached XP level 6. HP: 23/32 MP: 6/16
  3829 | D:4      | Found a blossoming altar of Fedhas.
  3981 | D:4      | Reached skill level 7 in Conjurations
  4090 | D:4      | Reached XP level 7. HP: 29/36 MP: 4/17
  4524 | D:4      | Noticed Duvessa
  4524 | D:4      | Noticed Dowan
  4536 | D:4      | Slain by Duvessa

Skill      XL: |  1  2  3  4  5  6  7 |
---------------+----------------------+-----
Conjurations   | 5 6 7 |  7.9
Spellcasting   | 4 5 6 |  6.1
Charms         | 2 3 4 |  4.2
Dodging        | |  2.4
Stealth        | |  2.4

Action                   |  1- 3 |  4- 6 |  7- 9 || total
-------------------------+-------+-------+-------++-------
Melee: Unarmed           |     6 |       |       ||     6
       Short sword       |     8 |       |       ||     8
 Cast: Magic Dart        |    92 |    90 |    26 ||   208
       Searing Ray       |       |     6 |       ||     6
       Iskenderun's Myst |       |       |     1 ||     1
  Eat: Chunk             |     3 |     3 |       ||     6
       Meat ration       |       |     1 |       ||     1
Armor: Robe              |     3 |     5 |       ||     8
Dodge: Dodged            |     8 |    18 |     4 ||    30
